 Dungeon Crawl Stone Soup version 0.19.4-9-g45fd643 (webtiles) character file.

387 equalderp2856 the Gouger (level 6, -5/28 HPs)
             Began as a Felid Fighter on Feb 15, 2017.
             Killed by divine providence
             ... invoked by an orc priest
              (11 damage)
             ... on level 5 of the Dungeon.
             The game lasted 00:29:56 (9636 turns).

equalderp2856 the Gouger (Felid Fighter)            Turns: 9636, Time: 00:29:57

Health: -5/28      AC:  2    Str: 13    XL:     6   Next: 49%
Magic:  16/16      EV: 22    Int: 10    God:
Gold:   217        SH:  0    Dex: 18    Spells: 0 memorised, 5 levels left
                                        Lives:  0   Deaths: 2

rFire  . . .     SeeInvis +       - Unarmed
rCold  . . .     Gourm    .     (armour unavailable)
rNeg   . . .     Faith    .     (shield unavailable)
rPois  .         Spirit   .     (helmet unavailable)
rElec  .         Reflect  .     (cloak unavailable)
rCorr  .         Harm     .     (gloves unavailable)
MR     .....                    (boots unavailable)
Stlth  +++.......               (no amulet)
                                i - ring of magical power
                                c - +2 ring of dexterity

@: quick
A: no armour, no weapons or thrown items, stealth, claws 1, fangs 3, see
invisible, carnivore 3, speed 1, shaggy fur 2, slow metabolism 1, sharp paws
a: no special abilities


You were on level 5 of the Dungeon.
You were not hungry.

You visited 1 branch of the dungeon, and saw 5 of its levels.

You collected 217 gold pieces.

Inventory:

Missiles
 n - 11 poisoned needles
 s - 16 bolts
Jewellery
 c - a +2 ring of dexterity (left paw)
 e - an uncursed amulet of the gourmand
 f - an uncursed amulet of harm
 i - a ring of magical power (right paw)
 r - an uncursed ring of teleportation
 v - an uncursed ring of resist corrosion {unknown}
Wands
 j - a wand of acid (7/15)
 m - a wand of flame (13/48)
Scrolls
 d - 6 scrolls of identify
 o - a scroll of recharging
 t - a scroll of noise
Potions
 a - a potion of might
 h - a potion of curing
 k - a potion of degeneration {unknown}
 l - 2 potions of berserk rage {unknown}
 q - a potion of agility {unknown}
 u - 2 potions of lignification {unknown}
Comestibles
 b - 5 meat rations
 g - 3 fruits
 p - a bread ration


   Skills:
 + Level 3.9 Fighting
 + Level 6.5 Dodging
 + Level 4.7 Stealth
 + Level 8.2 Unarmed Combat


You had 5 spell levels left.
You didn't know any spells.

Dungeon Overview and Level Annotations

Branches:
Dungeon (5/15)             Temple (0/1) D:4

Altars:
Ashenzari
Cheibriados
Hepliaklqana
Nemelex Xobeh
Sif Muna
Trog
Xom
The Shining One

Annotations:
D:5 Kosschaser's ghost, novice DrBe


Innate Abilities, Weirdness & Mutations

You cannot wear armour.
You are incapable of wielding weapons or throwing items.
Your paws allow you to move quietly. (Stealth)
You have sharp claws.
You have razor-sharp teeth.
You have supernaturally acute eyesight. (SInv)
You are carnivorous and can eat meat at any time.
You cover ground quickly.
You are covered in thick fur. (AC +2)
You have a slow metabolism.
Your sharp claws are effective at attacking unaware monsters.


Message History

The orc wizard blinks!
The jackal barks! x2
You scratch the orc wizard but do no damage.
Your bite misses the orc wizard.
The orc wizard is lightly wounded.
You miss the orc wizard.
The orc wizard is lightly wounded.
The orc wizard closely misses you.
You claw the orc wizard! Your bite misses the orc wizard.
The orc wizard is severely wounded.
The orc wizard closely misses you.
You claw the orc wizard!
You kill the orc wizard!
Things that are here:
a dagger; a robe; an orc corpse The jackal bites you but does no damage.
The jackal completely misses you.
The orc priest invokes the aid of Beogh against you.
Beogh smites you!
You die...

.................................
.................................
#.<..............................
......................oo.........
........W........................
.................................
.................................
.................h...............
................@hh..............
#...............................#
###.#.......>...[.............#.#
#...######.................#.###.
####.# #####.........#####.# ##
### ####..##### ### # #..## ####


You could see an orc priest, an orc and 3 jackals.

Vanquished Creatures
  2 ogres (D:4)
  A necrophage (D:4)
  A scorpion (D:4)
  A crimson imp (D:4)
  A hound (D:4)
  3 orc priests
  A centaur skeleton (D:4)
  5 orc wizards
  Terence (D:3)
  An iguana (D:3)
  Robin (D:2)
  7 gnolls
  8 adders
  4 oozes
  2 adder skeletons
  3 worms
  4 dart slugs
  5 leopard geckos
  15 orcs
  3 giant cockroaches
  21 goblins
  14 hobgoblins
  4 jackals (D:1)
  7 kobolds
  6 quokkas
  A ball python (D:2)
  7 bats
  13 frilled lizards
  2 hobgoblin zombies (D:4)
  2 kobold skeletons (D:4)
  2 kobold zombies (D:4)
  An orc skeleton (D:4)
  An orc zombie (D:4)
  4 rats
154 creatures vanquished.

Notes
Turn   | Place    | Note
-------+----------+-------------------------------------------
     0 | D:1      | equalderp2856 the Felid Fighter began the quest for the Orb.
     0 | D:1      | Reached XP level 1. HP: 10/10 MP: 2/2
    43 | D:1      | Reached XP level 2. HP: 14/14 MP: 3/3
   398 | D:1      | Reached XP level 3. HP: 14/17 MP: 4/4
   710 | D:1      | Reached skill level 1 in Stealth
  1066 | D:1      | Reached XP level 4. HP: 19/21 MP: 5/5
  1216 | D:2      | Noticed Robin
  1241 | D:2      | Reached skill level 5 in Unarmed Combat
  2038 | D:2      | Found a deep blue altar of Sif Muna.
  2508 | D:2      | Reached XP level 5. HP: 24/24 MP: 6/6
  3011 | D:2      | Reached skill level 5 in Dodging
  3088 | D:2      | Killed Robin
  3171 | D:2      | Found a shattered altar of Ashenzari.
  4492 | D:3      | Noticed Terence
  4544 | D:3      | Reached skill level 6 in Unarmed Combat
  4967 | D:3      | Gained mutation: You are covered in thick fur. (AC +2) [Felid growth]
  4967 | D:3      | Reached XP level 6. HP: 20/28 MP: 7/7
  5090 | D:3      | Killed Terence
  6922 | D:4      | Reached XP level 7. HP: 26/31 MP: 8/8
  6930 | D:4      | Found a glowing golden altar of the Shining One.
  6958 | D:4      | Reached skill level 7 in Unarmed Combat
  7291 | D:4      | Slain by an ogre
  7292 | D:4      | Reached XP level 6. HP: -5/28 MP: 7/7
  7303 | D:4      | Found a hazy altar of Hepliaklqana.
  7812 | D:4      | Found a snail-covered altar of Cheibriados.
  7916 | D:4      | Found a sparkling altar of Nemelex Xobeh.
  8166 | D:4      | Found a staircase to the Ecumenical Temple.
  8177 | D:4      | Reached XP level 7. HP: 31/31 MP: 8/8
  8510 | D:5      | Entered Level 5 of the Dungeon
  8618 | D:5      | Noticed Kosschaser's ghost (novice DrBe)
  8758 | D:4      | Reached skill level 8 in Unarmed Combat
  8805 | D:5      | Found a bloodstained altar of Trog.
  8933 | D:5      | Found a shimmering altar of Xom.
  9544 | D:5      | Killed from afar by an orc priest
  9545 | D:5      | Reached XP level 6. HP: -2/28 MP: 16/16
  9636 | D:5      | Killed from afar by an orc priest

Skill      XL: |  1  2  3  4  5  6  7 |
---------------+----------------------+-----
Stealth        | 1 2 4 |  4.7
Unarmed Combat | 5 6 8 |  8.2
Dodging        | 5 6 |  6.5
Fighting       | |  3.9

Action                   |  1- 3 |  4- 6 |  7- 9 || total
-------------------------+-------+-------+-------++-------
Melee: Unarmed           |    77 |   323 |    73 ||   473
       Punch             |     1 |     8 |     1 ||    10
       Bite              |     3 |    36 |     5 ||    44
  Use: Scroll            |       |     8 |     1 ||     9
       Potion            |       |       |     2 ||     2
 Stab: Sleeping          |     2 |     6 |     4 ||    12
       Distracted        |       |     1 |     1 ||     2
  Eat: Chunk             |     3 |    13 |       ||    16
Armor: Skin              |     4 |     6 |     1 ||    11
Dodge: Dodged            |    71 |   196 |    38 ||   305
